 Seeded DCSS version 0.29.1-12-g30fa7ad0bf (webtiles) character file.

Game seed: 16245865983455551772 (custom seed)

105 hikkokomori the Conjurer (level 4, 0/27 HPs)
             Began as an Octopode Conjurer on Jan 17, 2023.
             Slain by an orc wizard
             ... wielding a +0 dagger
              (4 damage)
             ... on level 3 of the Dungeon.
             The game lasted 00:03:10 (2471 turns).

hikkokomori the Conjurer (Octopode Conjurer)        Turns: 2471, Time: 00:03:11

Health: 0/27       AC:  1    Str:  6    XL:     4   Next: 81%
Magic:  2/8        EV: 13    Int: 36    God:
Gold:   122        SH:  0    Dex: 10    Spells: 6/9 levels left

rFire   . . .      SeeInvis .   c - staff of conjuration
rCold   . . .      Faith    .   (no shield)
rNeg    . . .      Spirit   .   (helmet restricted)
rPois   .          Reflect  .   (no amulet)
rElec   .          Harm     .   i - ring of Jealousy {Wiz Int+2}
rCorr   .          Rampage  .   h - +6 ring of intelligence
Will    .....                   g - +6 ring of intelligence
Stlth   +++.......              (no ring)
HPRegen 0.09/turn               (no ring)
MPRegen 0.11/turn               (no ring)
                                (no ring)
                                (no ring)

@: no status effects
A: almost no armour, amphibious, 8 rings, camouflage 1, gelatinous body 1,
(nimble swimmer 1), tentacles
a: no special abilities


You were on level 3 of the Dungeon.
You visited 1 branch of the dungeon, and saw 3 of its levels.

You collected 122 gold pieces.

Inventory:

Hand Weapons
 b - a +0 sling
Magical Staves
 c - a staff of conjuration (weapon)
Jewellery
 g - a +6 ring of intelligence (on tentacle)
 h - a +6 ring of intelligence (right tentacle)
 i - the ring of Jealousy (left tentacle) {Wiz Int+2}
   (You acquired it on level 2 of the Dungeon)

   [ring of wizardry]

   It improves your spell success rate.
   Int:       It affects your intelligence (+2).
Wands
 n - a wand of roots (3)
Scrolls
 f - 2 scrolls of teleportation {unknown}
 k - 2 scrolls of identify {unknown}
 l - a scroll of enchant weapon {unknown}
 m - a scroll of summoning {unknown}
 o - a scroll of noise {unknown}
Potions
 a - a potion of magic
 d - a potion of might {unknown}
 e - 2 potions of flight {unknown}
 j - a potion of lignification {unknown}


   Skills:
 - Level 2.0 Dodging
 + Level 4.5 Stealth
 + Level 3.0 Spellcasting
 + Level 4.8 Conjurations


You had 6 spell levels left.
You knew the following spells:

 Your Spells              Type           Power      Damage    Failure   Level
a - Magic Dart            Conj           100%       1d8       1%          1
b - Searing Ray           Conj           100%       2d8       1%          2

Your spell library contained the following spells:

 Spells                   Type           Power      Damage    Failure   Level
 Sting                    Tmut/Pois      20%        1d4       1%          1
 Poisonous Vapours        Pois/Air       10%        N/A       2%          2
 Dazzling Flash           Conj/Hex       68%        N/A       2%          3
 Fulminant Prism          Conj/Hex       17%        3d11      8%          4
 Iskenderun's Mystic Bla  Conj/Tloc      34%        2d8       8%          4
 Airstrike                Air            2%         2d(1-17)  19%         4
 Olgreb's Toxic Radiance  Pois           5%         N/A       19%         4
 Summon Lightning Spire   Summ/Air       5%         N/A       19%         4
 Lightning Bolt           Conj/Air       17%        1d31      21%         5
 Chain Lightning          Conj/Air       17%        3d22      100%        9
 Fire Storm               Conj/Fire      17%        8d4       100%        9
 Shatter                  Erth           2%         3d6*      100%        9


Dungeon Overview and Level Annotations

Branches:
Dungeon (3/15)

Altars:

Shops:
D:3 [


Innate Abilities, Weirdness & Mutations

You cannot wear most types of armour.
You are amphibious.
You can wear up to eight rings at the same time.
Your skin changes colour to match your surroundings (Stealth+).
Your rubbery body absorbs attacks. (AC +1, EV +1)
((You are camouflaged when in or above water. (Stealth+)))
You have tentacles for arms and can constrict up to eight enemies at once.


Message History

You feel sick.
An orc wizard comes into view. It is wielding a +0 dagger.
You feel sick.
You feel sick.
You feel sick.
You feel sick.
You are no longer poisoned.
Casting: Magic Dart (safe; 1% risk of failure)
Confirm with . or Enter, or press ? or * to list all spells.
Aiming: Magic Dart (safe; 1% risk of failure)
Press: ? - help, Shift-Dir - straight line, f - orc wizard
Aim: an orc wizard, wielding a +0 dagger and wearing a +0 robe (100% to hit)
You feel a surge of power!
The magic dart hits the orc wizard but does no damage.
The orc wizard casts a spell at you.
You are confused.
There is a stone staircase leading down here.
There is a stone staircase leading down here.
You bump into the rock wall.
The orc wizard casts a spell at you.
You are more confused.
The orc wizard hits you with a +0 dagger.
You hit the orc wizard.
The orc wizard is lightly wounded.
The orc wizard barely misses you.
The orc wizard attacks as you move away!
The orc wizard hits you with a +0 dagger.
* * * LOW HITPOINT WARNING * * *
You miss the orc wizard.
The orc wizard is lightly wounded.
The orc wizard hits you with a +0 dagger.
* * * LOW HITPOINT WARNING * * *
You bump into the rock wall.
You feel less confused.
The orc wizard gestures at you while chanting.
You resist with some effort.
You closely miss the orc wizard. Your grab misses the orc wizard.
The orc wizard is lightly wounded.
The orc wizard hits you with a +0 dagger.
You die...

#.#...#.## #.#
..#.#...# #.# #
..∩....# #.#
#..#.#...# #.#
#.#..)#..#######.#
.....)).......o.>#
#.#.############.#
.........o#
#########@# #.#
#.# ####'#####
#........#
#........#
#.[......# #
#.†......####.#
#.............#


You could see an orc wizard.

Vanquished Creatures
  An orc priest (D:3)
  Jessica (D:2)
  An adder (D:2)
  2 orcs (D:3)
  2 ball pythons (D:1)
  3 bats
  4 endoplasms (D:1)
  2 goblins (D:1)
  5 hobgoblins
  4 kobolds
  3 quokkas (D:1)
  3 frilled lizards
  5 rats
36 creatures vanquished.

Vanquished Creatures (others)
  A plant (D:3)
1 creature vanquished.

Grand Total: 37 creatures vanquished

Notes
Turn   | Place    | Note
-------+----------+-------------------------------------------
     0 | D:1      | hikkokomori the Octopode Conjurer began the quest for the
                  | Orb.
     0 | D:1      | Reached XP level 1. HP: 11/11 MP: 3/3
   234 | D:1      | Reached XP level 2. HP: 17/17 MP: 5/5
   307 | D:1      | Found a faded altar of an unknown god.
  1083 | D:1      | Reached XP level 3. HP: 16/21 MP: 6/6
  1169 | D:1      | Learned a level 2 spell: Searing Ray
  1188 | D:2      | Identified 3 scrolls of acquirement
  1188 | D:2      | Acquired the ring of Jealousy {Wiz Int+2}
  1189 | D:2      | Acquired a book of Storms
  1190 | D:2      | Acquired a staff of conjuration
  1666 | D:2      | Noticed Jessica
  1669 | D:2      | Killed Jessica
  1670 | D:2      | Reached XP level 4. HP: 27/27 MP: 3/8
  2434 | D:3      | Found Ymmy Ciutu's Antique Armour Shoppe.
  2471 | D:3      | Slain by an orc wizard

Illustrated notes

Levels and vault maps discovered:
D:1:      minmay_arrival_hallway, layout_loops_corners, basic_ecumenical_altar,
          minmay_unequal
D:2:      layout_loops_ring, uniq_jessica
D:3:      layout_basic, serial_shops, nicolae_shop_advertising_works
          [nicolae_subvault_shop_adworks], minmay_shallow_snake_nest,
          uniq_natasha

Skill      XL: |  1  2  3  4 |
---------------+-------------+-----
Stealth        | 3 4 |  4.5
Spellcasting   | 3 |  3.0
Dodging        | |  2.0
Conjurations   | |  4.8

Action                   |  1- 3 |  4- 6 || total
-------------------------+-------+-------++-------
Melee: Staff             |     4 |     3 ||     7
       Constrict         |     1 |       ||     1
       Tentacles         |     1 |       ||     1
 Fire: Sling             |    50 |       ||    50
 Cast: Magic Dart        |     8 |    24 ||    32
Evoke: Wand              |       |     1 ||     1
  Use: Scroll            |     3 |       ||     3
Armor: Skin              |     3 |       ||     3
Dodge: Dodged            |    14 |     4 ||    18
